 Dungeon Crawl Stone Soup version 0.29.1-1-gd02db69 (webtiles) character file.

Game seed: 647260536242540314

72 Torien the Vexing (level 4, -13/32 HPs)
             Began as a Formicid Arcane Marksman on Apr 17, 2023.
             Killed by an exploding orc (34 damage)
             ... ignited by their inner flame
             ... on level 4 of the Dungeon.
             The game lasted 00:54:27 (3935 turns).

Torien the Vexing (Formicid Arcane Marksman)        Turns: 3935, Time: 00:54:31

Health: -13/32     AC:  2    Str: 15    XL:     4   Next: 50%
Magic:  1/1        EV: 12    Int: 14    God:
Gold:   36         SH:  0    Dex: 14    Spells: 1/5 levels left

rFire   . . .      SeeInvis +   A - +0 spear (antimagic)
rCold   . . .      Faith    .   (no shield)
rNeg    . . .      Spirit   .   c - +0 robe
rPois   .          Reflect  .   (helmet unavailable)
rElec   .          Harm     .   (no cloak)
rCorr   .          Rampage  .   (no gloves)
Will    .....                   (no boots)
Stlth   +.........              (no amulet)
HPRegen 0.10/turn               t - ring of see invisible
MPRegen 0.07/turn               (no ring)

@: no status effects
A: permanent stasis, dig shafts and tunnels, antennae 3, four strong arms
a: Dig, Shaft Self


You were on level 4 of the Dungeon.
You visited 1 branch of the dungeon, and saw 4 of its levels.

You collected 133 gold pieces.
You spent 97 gold pieces at shops.

Inventory:

Hand Weapons
 a - a +2 sling
 d - a +0 dagger
 e - a +0 hand axe
 g - a +0 dagger
 h - a +0 spear
 j - a +0 short sword
 q - a +0 whip
 v - a +0 dagger
 A - a +0 antimagic spear (weapon)
Missiles
 l - 22 stones
 C - 2 poisoned darts
Armour
 c - a +0 robe (worn)
 o - a +0 leather armour
 z - a +0 chain mail
Jewellery
 t - a ring of see invisible (left hand)
 y - an amulet of faith
Wands
 s - a wand of polymorph (10)
Scrolls
 b - a scroll of poison
 f - 2 scrolls of amnesia {unknown}
 i - a scroll of enchant armour {unknown}
 k - a scroll of silence {unknown}
 B - a scroll of identify {unknown}
 D - a scroll of blinking {unknown}
Potions
 m - 3 potions of flight {unknown}
 n - 3 potions of haste {unknown}
 p - 3 potions of curing {unknown}
 u - 3 potions of lignification {unknown}
 w - a potion of heal wounds {unknown}
 x - a potion of mutation {unknown}
 E - a potion of attraction


   Skills:
 + Level 1.5 Fighting
 + Level 0.2(0.5) Axes
 + Level 0.7 Polearms
 + Level 2.8 Ranged Weapons
 + Level 1.2 Armour
 + Level 2.1 Dodging
 + Level 0.4 Stealth
 + Level 1.2 Spellcasting
 + Level 4.3 Hexes


You had one spell level left.
You knew the following spells:

 Your Spells              Type           Power      Damage    Failure   Level
a - Slow                  Hex            52%        N/A       4%          1
b - Inner Flame           Hex/Fire       6%         N/A       32%         3

Your spell library contained the following spells:

 Spells                   Type           Power      Damage    Failure   Level
 Portal Projectile        Hex/Tloc       12%        N/A       32%         3
 Cause Fear               Hex            6%         N/A       41%         4
 Ignite Poison            Fire/Tmut/Pois 0%         N/A       61%         3
 Animate Dead             Necr           0%         N/A       95%         4
 Corpse Rot               Necr/Pois/Air  0%         N/A       95%         4
 Death Channel            Necr           0%         N/A       100%        6


Dungeon Overview and Level Annotations

Branches:
Dungeon (4/15)
 Temple: D:4-7

Altars:
Okawaru

Shops:
D:2 *


Innate Abilities, Weirdness & Mutations

You cannot be hasted, slowed, berserked, paralysed or teleported.
You can dig through walls and to a lower floor.
You have a pair of large antennae on your head. (SInv)
Your four strong arms can wield two-handed weapons with a shield.


Message History

You start memorising the spell.
You continue memorising. x3
You finish memorising.
Spell assigned to 'b'.
Okay, then.
You start removing your armour.
You continue taking off your +0 chain mail. x4
You finish taking off your +0 chain mail.
You start putting on your armour.
You continue putting on your +0 robe. x5
You finish putting on your +0 robe.
You climb downwards.
The orc hits you with a +0 hand axe. The orc barely misses you.
There is a stone staircase leading up here.
Aiming: Inner Flame (quite dangerous; 32% risk of failure)
Press: ? - help, Q - select action, (/) - cycle Dir - move target, f - orc
Aim: an orc, wielding a +0 hand axe and wearing a +0 leather armour (chance to affect: 68%)
The orc is filled with an inner flame.
The orc closely misses you.
Aiming: Slow (safe; 4% risk of failure)
Press: ? - help, Q - select action, (/) - cycle Shift-Dir - straight line, f - orc, p - orc
Aim: an orc, wielding a +2 dagger of pain (chance to affect: 69%)
The orc seems to slow down.
The orc barely misses you.
You feel magic leave you.
A - a +0 antimagic spear (weapon)
You hit the orc but do no damage. The orc hits you with a +0 hand axe.
You barely miss the orc. The orc closely misses you.
You hit the orc.
The orc is severely wounded.
The orc barely misses you.
The orc hits you with a +2 dagger of pain.
You hit the orc.
You kill the orc!
The orc misses you.
You hit the orc.
Flame seeps out of the orc.
The orc is moderately wounded.
An orc priest comes into view. It is wielding a +0 dagger.
The orc is engulfed in blazing flames.
The orc explodes!
The fiery explosion engulfs you!!
Ouch! That really hurt!
You die...

.......
.)...o ..o..
##... ... {
####.###
#......#
#.##)#.#
#...@# #
#..#.○§.....
#..###§....#
#. ...#!# #.
#.# # .# . .


You could see an orc priest (wandering).

Vanquished Creatures
  2 adders
  2 dart slugs (D:1)
  2 orcs (D:4)
  5 endoplasms
  2 giant cockroaches
  3 hobgoblins
  5 kobolds
  3 quokkas
  7 ball pythons
  6 bats
  6 frilled lizards
  2 goblins
  8 rats
53 creatures vanquished.

Vanquished Creatures (others)
  10 plants
10 creatures vanquished.

Grand Total: 63 creatures vanquished

Notes
Turn   | Place    | Note
-------+----------+-------------------------------------------
     0 | D:1      | Torien the Formicid Arcane Marksman began the quest for the
                  | Orb.
     0 | D:1      | Reached XP level 1. HP: 15/15 MP: 2/2
   106 | D:1      | Reached skill level 4 in Hexes
   251 | D:1      | Reached XP level 2. HP: 17/21 MP: 3/3
   552 | D:1      | Found a faded altar of an unknown god.
   559 | D:1      | Prayed at the altar of an unknown god.
   559 | D:1      | Became a worshipper of Warmaster Okawaru
   559 | D:1      | Reached * piety under Okawaru
  1033 | D:2      | Reached XP level 3. HP: 23/26 MP: 4/4
  1951 | D:2      | Found Zain's General Store.
  2619 | D:2      | Reached XP level 4. HP: 25/32 MP: 5/5
  2775 | D:2      | Got the Reference Book on Darkness and Moulding
  3195 | D:2      | Bought a scroll of enchant weapon for 97 gold pieces
  3335 | D:3      | Reached skill level 1 in Armour
  3520 | D:3      | Fell from the grace of Okawaru
  3916 | D:3      | Learned a level 3 spell: Inner Flame
  3935 | D:4      | Killed by an exploding orc... ignited by their inner flame

Illustrated notes

Levels and vault maps discovered:
D:1:      psy_arrival_statuary, layout_basic, dilly_ecumenical_altar_fadedgnrine
D:2:      layout_basic, serial_shops, nicolae_shop_advertising_works
          [nicolae_subvault_shop_adworks], serial_bayou_pond_d, minmay_tall_x
D:3:      layout_loops_ring, grunt_decor_mini_mirrors
D:4:      layout_basic, led_sif_pool, lemuel_temple_firewalk_b

Skill      XL: |  1  2  3  4 |
---------------+-------------+-----
Hexes          | 4 |  4.3
Dodging        | 2 |  2.1
Armour         | 1 |  1.2
Fighting       | |  1.5
Axes           | |  0.2
Polearms       | |  0.7
Ranged Weapons | |  2.8
Stealth        | |  0.4
Spellcasting   | |  1.2

Action                   |  1- 3 |  4- 6 || total
-------------------------+-------+-------++-------
Melee: Sling             |     3 |       ||     3
       Spear             |    89 |    15 ||   104
       Hand axe          |     9 |       ||     9
       Short sword       |     3 |       ||     3
       Punch             |       |     1 ||     1
 Fire: Sling             |    72 |    23 ||    95
 Cast: Slow              |     2 |     1 ||     3
       Inner Flame       |       |     1 ||     1
Invok: Heroism           |     2 |       ||     2
       Renounce Religion |       |     1 ||     1
 Abil: Dig               |     1 |       ||     1
  Use: Potion            |     2 |       ||     2
       Scroll            |       |     1 ||     1
Armor: Robe              |    29 |       ||    29
       Scale mail        |    13 |     4 ||    17
       Leather armour    |     1 |       ||     1
       Chain mail        |       |    11 ||    11
Dodge: Dodged            |   130 |    12 ||   142
